 Dungeon Crawl Stone Soup version 0.31-a0-1005-gfbdfbac (webtiles) character file.

Game seed: 9279857871720825234

18 Partyfoot the Trooper (level 2, 24/24 HPs)
             Began as a Demonspawn Fighter on Nov 11, 2023.
             Quit the game on level 1 of the Dungeon.
             The game lasted 00:01:03 (315 turns).

Partyfoot the Trooper (Demonspawn Fighter)           Turns: 315, Time: 00:01:04

Health: 24/24      AC:  6    Str: 16    XL:     2   Next: 51%
Magic:  2/2        EV:  8    Int:  9    God:
Gold:   9          SH:  4    Dex: 12    Spells: 1/1 levels left

rFire   . . .        a - +0 trident
rCold   . . .        c - +0 buckler
rNeg    . . .        b - +0 scale mail
rPois   .            (helmet restricted)
rElec   .            (no cloak)
rCorr   .            (no gloves)
SInv    .            (no boots)
Will    .....        (no amulet) Stlth
                     (no ring)
HPRegen 0.24/turn    (no ring)
MPRegen 0.08/turn

%: no passive effects
@: about to teleport
A: antennae 1
a: no special abilities


You were on level 1 of the Dungeon.
You visited 1 branch of the dungeon, and saw 1 of its levels.

You collected 9 gold pieces.

Inventory:

Hand Weapons
 a - a +0 trident (weapon)
Armour
 b - a +0 scale mail (worn)
 c - a +0 buckler (worn)
Potions
 d - a potion of might
 e - a potion of ambrosia


   Skills:
 + Level 3.2 Fighting
 + Level 2.1 Polearms
 + Level 2.9 Armour
 + Level 2.9 Shields


You had one spell level left.
You didn't know any spells.
Your spell library was empty.

Dungeon Overview and Level Annotations

Branches:
Dungeon (1/15)

Altars:


Innate Abilities, Weirdness & Mutations

You have a pair of small antennae on your head.


Message History

The jackal bites you but does no damage.
You closely miss the jackal. The jackal bites you.
The jackal bites you but does no damage.
You puncture the jackal!
You kill the jackal!
No target in view!
No target in view!
You start resting.
HP restored.
You see here a jackal corpse.
An endoplasm comes into view.
The endoplasm quivers.
You reach to attack!
You barely miss the endoplasm.
The endoplasm hits you but does no damage.
You puncture the endoplasm!
You kill the endoplasm!
No target in view!
No target in view!
A giant cockroach comes into view.
A giant cockroach is nearby!
Found a scroll labelled CUFROM KASAWA.
A giant cockroach is nearby!
You hit the giant cockroach.
The giant cockroach is severely wounded.
The giant cockroach bites you but does no damage.
You barely miss the giant cockroach.
The giant cockroach is severely wounded.
The giant cockroach completely misses you.
The giant cockroach closely misses you.
You hit the giant cockroach.
You kill the giant cockroach!
No target in view!
g - a scroll labelled CUFROM KASAWA
As you read the scroll labelled FASUVITRIU, it crumbles to dust.
It is a scroll of identify.
e - a potion of ambrosia
As you read the scroll labelled CUFROM KASAWA, it crumbles to dust.
You feel strangely unstable.
It was a scroll of teleportation.
Unknown command.
Are you sure you want to abandon this character and quit the game? (Confirm with "yes".)

###################
#.@................
#........###########
###..#####.....
#....# #..### ##
#....# #..# ..
#....# #..# ####.
#....# #..# #....
###..# #..# ###....
#..# ... ..#....


There were no monsters in sight!

Vanquished Creatures
  A dart slug (D:1)
  3 bats (D:1)
  2 endoplasms (D:1)
  2 giant cockroaches (D:1)
  3 jackals (D:1)
  2 quokkas (D:1)
  A frilled lizard (D:1)
14 creatures vanquished.

Notes
Turn   | Place    | Note
-------+----------+-------------------------------------------
     0 | D:1      | Partyfoot the Demonspawn Fighter began the quest for the
                  | Orb.
     0 | D:1      | Reached XP level 1. HP: 18/18 MP: 1/1
   173 | D:1      | Gained mutation: You have a pair of small antennae on your
                  | head. [demonic ancestry]
   173 | D:1      | Reached XP level 2. HP: 24/24 MP: 2/2
   315 | D:1      | Quit the game

Illustrated notes

Levels and vault maps discovered:
D:1:      dpeg_arrival_simpleton_c, layout_basic, serial_shops,
          nicolae_shop_stone

Skill      XL: |  1 |
---------------+----+-----
Polearms       | 2 |  2.1
Fighting       | |  3.2
Armour         | |  2.9
Shields        | |  2.9

Action                     || total
---------------------------++-------
  Melee: Trident           ||    44
    Use: Scroll            ||     2
 Armour: Scale mail        ||    45
  Dodge: Dodged            ||    23
  Block: Buckler           ||     8

Table legend: (Time is in decaauts)
 A = Elapsed time spent in this place.
 B = Non-inter-level travel time spent in this place.
 C = Inter-level travel time spent in this place.
 D = Time resting spent in this place.
 E = Time spent auto-exploring this place.
 F = Levels seen in this place.
 G = Mean time per level.
                   A        B        C        D        E       F      G
               +--------+--------+--------+--------+--------+-----+--------+
         Total |    325 |    325 |      0 |     35 |    199 |   1 |  325.0 |
       Dungeon |    325 |    325 |      0 |     35 |    199 |   1 |  325.0 |
               +--------+--------+--------+--------+--------+-----+--------+

Top non-repeatable levels by time:
     D:1: 325 daAuts
